AoeStats
← Lagarto

Arabian Desert

509972993Analyzed
1v1 RM · 2d ago on Sep 28, 2026· 40m 32s· 2 players
Game mode
Random Map
Map size
Tiny (2 player)
Population
200
Speed
Normal
Resources
Standard
Victory
Conquest
Starting age
Dark Age
Ending age
Imperial Age
RankedLock teamsTeams togetherTeam positionsShared explorationLock speedFull tech treeHidden civsTurbo modeCheats
Victory
Defeat
🇪🇸 Huns · Spain
484
+14
🇦🇷 Byzantines · Argentina
448
-14
svallejos050
14:54 Feudal Age
17:05 Stone Mining
17:24 Double-Bit Axe
17:32 Gold Mining
17:28 Horse Collar
23:35 Castle Age
21:52 Arson
23:20 Forging
23:11 Scale Mail Armor
23:34 Fletching
23:45 Padded Archer Armor
30:14 Pikeman
30:55 Squires
30:40 Gambesons
35:21 Iron Casting
38:52 Ballistics
41:05 Imperial Age
Lagarto
12:32 Feudal Age
12:53 Horse Collar
13:58 Wheelbarrow
13:08 Town Watch
13:47 Double-Bit Axe
21:29 Castle Age
19:46 Stone Mining
22:19 Heavy Plow
22:15 Gold Mining
23:48 Bow Saw
24:30 Gold Shaft Mining
25:16 Husbandry
25:27 Bloodlines
30:11 Hand Cart
33:16 Imperial Age
33:10 Man-at-Arms
33:51 Squires
34:47 Long Swordsman
34:58 Cavalier
38:04 Two-Handed Swordsman
Connection lost

Rejoining the realm…

Still unreachable

The connection could not be restored.

Session expired

The server has moved on; the page needs a fresh start.